 Dungeon Crawl Stone Soup version 0.30-a0-475-g03497ec522 (webtiles) character file.

Game seed: 17092677419611531643

46 funkygono the Slasher (level 3, -1/28 HPs)
             Began as a Demonspawn Gladiator on Dec 20, 2022.
             Slain by Sigmund
             ... wielding a +0 scythe
              (8 damage)
             ... on level 2 of the Dungeon.
             The game lasted 00:01:41 (794 turns).

funkygono the Slasher (Demonspawn Gladiator)         Turns: 794, Time: 00:01:42

Health: -1/28      AC:  4    Str: 16    XL:     3   Next: 46%
Magic:  3/3        EV: 12    Int: 11    God:
Gold:   56         SH:  0    Dex: 14    Spells: 2/2 levels left

rFire   + . .      SeeInvis .    a - +0 long sword
rCold   . . .      Faith    .    (no shield)
rNeg    . . .      Spirit   .    b - +0 leather armour
rPois   .          Reflect  .    c - +0 helmet
rElec   .          Harm     .    (no cloak)
rCorr   .          Rampage  .    (no gloves)
Will    .....                    (no boots)
Stlth   +.........               (no amulet)
HPRegen 0.24/turn                n - ring of protection from fire
MPRegen 0.08/turn                (no ring)

@: no status effects
A: powered by pain 1, big brain 1
a: no special abilities


You were on level 2 of the Dungeon.
You visited 1 branch of the dungeon, and saw 2 of its levels.

You collected 56 gold pieces.

Inventory:

Hand Weapons
 a - a +0 long sword (weapon)
Missiles
 d - 3 throwing nets (quivered)
 e - a javelin
Armour
 b - a +0 leather armour (worn)
 c - a +0 helmet (worn)
Jewellery
 n - a ring of protection from fire (left hand)
Wands
 q - a wand of polymorph (6)
Scrolls
 f - a scroll of poison {unknown}
 i - a scroll of teleportation {unknown}
 j - 4 scrolls of magic mapping {unknown}
 k - a scroll of enchant armour {unknown}
 m - 2 scrolls of fear {unknown}
Potions
 g - 2 potions of resistance {unknown}
 h - a potion of invisibility {unknown}
 l - a potion of heal wounds {unknown}
 o - a potion of curing {unknown}
 p - a potion of magic {unknown}


   Skills:
 + Level 2.4 Fighting
 + Level 3.3 Long Blades
 + Level 2.0 Throwing
 + Level 0.9 Armour
 + Level 3.0 Dodging


You had 2 spell levels left.
You didn't know any spells.
Your spell library contained the following spells:

 Spells                   Type           Power      Damage    Failure   Level
 Sublimation of Blood     Necr           0%         N/A       54%         2
 Wereblood                Tmut           0%         N/A       54%         2
 Dazzling Flash           Conj/Hex       0%         N/A       78%         3
 Agony                    Necr           0%         N/A       100%        5
 Silence                  Hex/Air        0%         N/A       100%        5
 Summon Hydra             Summ           0%         N/A       100%        7


Dungeon Overview and Level Annotations

Branches:
Dungeon (2/15)

Altars:

Shops:
D:1 (

Annotations:
D:2 Sigmund


Innate Abilities, Weirdness & Mutations

You sometimes gain a little power by taking damage.
You have an unusually large brain. (Int +2)


Message History

Press: ? - help, v - describe, . - travel
Here: Sigmund, wielding a +0 scythe and wearing a +0 robe (fire blocked by a translucent stone wall)
The floor.
A ball python comes into view.
Sigmund completely misses you.
A goblin comes into view. It is wielding a +0 dagger.
The goblin shouts!
You hit the ball python.
The ball python is severely wounded.
The ball python misses you. The ball python grabs you.
The ball python constricts you. The ball python closely misses you.
The ball python constricts you. Sigmund hits you but does no damage.
You hit the ball python.
You kill the ball python!
Sigmund barely misses you.
You see here a ball python corpse.
You barely miss Sigmund. The goblin closely misses you.
Sigmund casts a spell at you.
You are confused.
The goblin barely misses you.
You miss Sigmund. Sigmund closely misses you. The goblin barely misses you.
Unknown command.
You barely miss the goblin. The goblin hits you but does no damage.
Sigmund barely misses you.
You barely miss Sigmund. The goblin hits you with a +0 dagger.
Sigmund closely misses you.
You slash Sigmund!
Sigmund is moderately wounded.
The goblin barely misses you. x2
Sigmund gestures wildly while chanting.
Sigmund flickers and vanishes!
Deactivating autopickup; reactivate with Ctrl-A.
You miss something.
You feel less confused. Something hits you!
The goblin hits you with a +0 dagger.
You miss something. The goblin hits you but does no damage. Something hits you!
* * * LOW HITPOINT WARNING * * *
You hit something. The goblin closely misses you.
You closely miss something. Something hits you!
You die...

......).#..... .#. #.
........#.###. ... ..
#............#. #.# #.
#........###.#. #...#.
#..........#... .#.#.
......###.#... ...
........#..... #.##
###.###.#.....
##.##{@#####...#...##..
......g#........#...>#..
#.###.##...####......###
#......# ####.###
♣~......# #.# ~~P......#
#+# .~~P......#
.#..#.....# ##.#.....#


You could see a goblin.

Vanquished Creatures
  Terence (D:2)
  An adder (D:2)
  2 ball pythons
  A giant cockroach (D:1)
  5 goblins
  2 hobgoblins (D:1)
  2 frilled lizards (D:1)
  A kobold (D:2)
15 creatures vanquished.

Notes
Turn   | Place    | Note
-------+----------+-------------------------------------------
     0 | D:1      | funkygono the Demonspawn Gladiator began the quest for the
                  | Orb.
     0 | D:1      | Reached XP level 1. HP: 16/16 MP: 1/1
   264 | D:1      | Gained mutation: You have an unusually large brain. (Int
                  | +2) [demonic ancestry]
   264 | D:1      | Reached XP level 2. HP: 23/23 MP: 2/2
   326 | D:1      | Found Xonwyicw's Weapon Shop.
   584 | D:2      | Noticed Terence
   600 | D:2      | Killed Terence
   601 | D:2      | Gained mutation: You sometimes gain a little power by
                  | taking damage. [demonic ancestry]
   601 | D:2      | Reached XP level 3. HP: 28/28 MP: 3/3
   778 | D:2      | Noticed Sigmund
   794 | D:2      | Slain by Sigmund

Illustrated notes

Levels and vault maps discovered:
D:1:      spicycebolla_arrival_ecumenical, layout_loops_cross, serial_shops,
          nicolae_shop_statue_plus
D:2:      layout_basic, serial_shops, nicolae_shop_stone,
          nicolae_concentric_dashed_squares_wild, serial_bayou_pond_e,
          hangedman_abyss_or_decor_stabs, uniq_sigmund, uniq_terence,
          uniq_natasha

Skill      XL: |  1  2  3 |
---------------+----------+-----
Long Blades    | 3 |  3.3
Dodging        | 3 |  3.0
Throwing       | 2 |  2.0
Fighting       | |  2.4
Armour         | |  0.9

Action                   || total
-------------------------++-------
Melee: Long sword        ||    53
Armor: Leather armour    ||    14
       Skin              ||     4
Dodge: Dodged            ||    35

Table legend: (Time is in decaauts)
 A = Elapsed time spent in this place.
 B = Non-inter-level travel time spent in this place.
 C = Inter-level travel time spent in this place.
 D = Time resting spent in this place.
 E = Time spent auto-exploring this place.
 F = Levels seen in this place.
 G = Mean time per level.
                   A        B        C        D        E       F      G
               +--------+--------+--------+--------+--------+-----+--------+
         Total |    806 |    768 |     38 |     12 |    601 |   2 |  403.0 |
       Dungeon |    806 |    768 |     38 |     12 |    601 |   2 |  403.0 |
               +--------+--------+--------+--------+--------+-----+--------+

Top non-repeatable levels by time:
     D:1: 575 daAuts
     D:2: 231 daAuts
